 Dungeon Crawl Stone Soup version 0.27.1-33-g824d729ab1 (webtiles) character file.

Game seed: 1252915702728829377

67 Skipper77304 the Skirmisher (level 3, -2/30 HPs)
             Began as a Demonspawn Chaos Knight on Nov 25, 2021.
             Was a Plaything of Xom.
             Killed by divine providence
             ... invoked by an orc priest
              (7 damage)
             ... on level 2 of the Dungeon.
             The game lasted 00:09:52 (1029 turns).

Skipper77304 the Skirmisher (DsCK)                  Turns: 1029, Time: 00:09:56

Health: -2/30      AC:  6    Str: 13    XL:     3   Next: 98%
Magic:  3/3        EV: 11    Int: 13    God:    Xom [.....*]
Gold:   65         SH:  0    Dex: 12    Spells: 2/2 levels left

rFire    . . .     SeeInvis .   a - +2 spear (chaos)
rCold    . . .     Faith    +   (no shield)
rNeg     . . .     Spirit   .   b - +2 leather armour
rPois    .         Reflect  .   (no helmet)
rElec    .         Harm     .   c - +0 cloak
rCorr    .         Rampage  .   (no gloves)
Will     .....                  (no boots)
Stlth    +.........             e - amulet of faith
HPRegen  0.10/turn              (no ring)
MPRegen  0.08/turn              (no ring)

@: cleaving
A: claws 1, foul stench 1
a: Renounce Religion


You were on level 2 of the Dungeon.
You worshipped Xom.
You were Xom's teddy bear.
You visited 1 branch of the dungeon, and saw 2 of its levels.

You collected 65 gold pieces.

Inventory:

Hand Weapons
 a - a +2 spear of chaos (weapon)
Armour
 b - a +2 leather armour (worn)
 c - a +0 cloak (worn)
Jewellery
 e - an amulet of faith (around neck)
Scrolls
 d - a scroll of teleportation
Potions
 f - a potion of might {unknown}


   Skills:
 + Level 3.7 Fighting
 + Level 3.3 Polearms
 + Level 2.1 Armour
 + Level 1.6 Dodging
 + Level 0.3 Stealth


You had 2 spell levels left.
You didn't know any spells.
Your spell library was empty.

Dungeon Overview and Level Annotations

Branches:
Dungeon (2/15)

Altars:


Innate Abilities, Weirdness & Mutations

You have sharp fingernails.
You may rarely emit foul miasma when damaged in melee.


Message History

You hit the kobold.
You kill the kobold!
You barely miss the adder. The adder barely misses you.
You hit the adder but do no damage.
The adder is moderately wounded.
You hit the endoplasm.
You kill the endoplasm!
The adder bites you but does no damage.
You hit the adder.
The adder seems to slow down.
You freeze the adder.
The adder is heavily wounded.
The adder barely misses you.
The orc hits you from afar with a +0 trident.
You barely miss the adder.
The adder is heavily wounded.
You hit the adder.
The adder is severely wounded.
The orc hits you from afar with a +0 trident.
The adder closely misses you.
You hit the adder.
You kill the adder!
The orc hits you from afar with a +0 trident.
You puncture the orc! Lightning courses through the orc!
You kill the orc!
The orc closely misses you.
The orc priest looks encouraged for a moment.
The orc closely misses you.
Things that are here:
a +0 dagger; an adder corpse You hit the orc priest.
The orc priest flickers and vanishes!
Deactivating autopickup; reactivate with Ctrl-A.
Xom thinks this is hilarious!
You barely miss the orc. The orc hits you but does no damage.
Something hits you but does no damage.
You closely miss something. You hit the orc but do no damage.
The orc hits you with a +0 trident.
* * * LOW HITPOINT WARNING * * *
You hear something invoke the aid of Beogh against you.
Beogh smites you!
You die... "I guess I need a new plaything now."

........ #....#.#
#....#.# #....#.###
#........ #.# .
#....#.# #.#
....##..))..# ##.#
.......@†...# ...
......o{##'## #.#
........##.# #.##
....#####.)#####..##
# ...
##...........##...
.. +...⌠(.>..⌠...(.#
. ##...........##.#
##)†#####..## # ##.#
#.##


You could see an orc.

Vanquished Creatures
  Jessica (D:2)
  An adder (D:2)
  2 dart slugs (D:2)
  An orc (D:2)
  A ball python (D:1)
  3 bats (D:1)
  3 endoplasms
  2 giant cockroaches
  3 goblins
  2 hobgoblins (D:1)
  4 kobolds
  2 rats (D:1)
25 creatures vanquished.

Notes
Turn   | Place    | Note
-------+----------+-------------------------------------------
     0 | D:1      | Skipper77304 the Demonspawn Chaos Knight began the quest
                  | for the Orb.
     0 | D:1      | Reached XP level 1. HP: 18/18 MP: 1/1
    28 | D:1      | XOM: divination: detect items
   420 | D:1      | Reached skill level 1 in Dodging
   420 | D:1      | Gained mutation: You have sharp fingernails. [demonic
                  | ancestry]
   420 | D:1      | Reached XP level 2. HP: 16/24 MP: 2/2
   632 | D:1      | Found a faded altar of an unknown god.
   945 | D:2      | Noticed Jessica
   952 | D:2      | Killed Jessica
   953 | D:2      | Gained mutation: You may rarely emit foul miasma when
                  | damaged in melee. [demonic ancestry]
   953 | D:2      | Reached XP level 3. HP: 29/29 MP: 3/3
   959 | D:2      | XOM: cleaving
  1029 | D:2      | Killed from afar by an orc priest

Illustrated notes

Levels and vault maps discovered:
D:1:      mushboom_english_gardens, layout_basic, basic_ecumenical_altar
D:2:      layout_basic, basic_altar, grunt_ministairs_15, uniq_jessica

Skill      XL: |  1  2  3 |
---------------+----------+-----
Dodging        | 1 |  1.6
Polearms       | 3 |  3.3
Armour         | 2 |  2.1
Fighting       | |  3.7
Stealth        | |  0.3

Action                   || total
-------------------------++-------
Melee: Spear             ||    66
  Use: Scroll            ||     4
 Stab: Paralysed         ||     1
Armor: Leather armour    ||    35
Dodge: Dodged            ||    41
